 Dungeon Crawl Stone Soup version 0.17-a0-2220-g6fea741 (webtiles) character file.

16 Duffy the Stinger (level 2, 22/22 HPs)
             Began as a Naga Venom Mage on Oct 28, 2015.
             Quit the game on level 1 of the Dungeon.
             The game lasted 00:01:11 (528 turns).

Duffy the Stinger (Naga Venom Mage)                  Turns: 528, Time: 00:01:11

Health: 22/22      AC:  1    Str: 10    XL:     2   Next: 58%
Magic:  5/5        EV: 10    Int: 15    God:
Gold:   45         SH:  0    Dex: 11    Spells: 2 memorised, 2 levels left

rFire  . . .     SeeInvis +     j - +0 hand axe (curse)
rCold  . . .     Clarity  .     a - +0 robe
rNeg   . . .     SustAt   .     (no shield)
rPois  +         Gourm    .     (no helmet)
rElec  .         Spirit   .     (no cloak)
rCorr  .         Warding  .     (no gloves)
rMut   .         Stasis   .     (no barding)
MR     .....                    (no amulet)
Stlth  ++........               (no ring)
                                (no ring)

@: very slow, not resistant to hostile enchantments, unstealthy
A: see invisible, deformed body, poison resistance, slowness 2, slow metabolism
1, spit poison 2, AC +0
a: Spit Poison


You were on level 1 of the Dungeon.
You were not hungry.

You visited 1 branch of the dungeon, and saw 1 of its levels.

You collected 45 gold pieces.


Innate Abilities, Weirdness & Mutations

You cannot wear boots.
Your serpentine skin is tough (AC +0).
You have supernaturally acute eyesight.
Armour fits poorly on your strangely shaped body.
Your system is resistant to poisons.
You cover ground very slowly.
You have a slow metabolism.
You can spit poison.


   Skills:
 - Level 1.5 Dodging
 - Level 3.0 Stealth
 + Level 2.4 Spellcasting
 + Level 5.8 Poison Magic


You had 2 spell levels left.
You knew the following spells:

 Your Spells              Type           Power        Failure   Level  Hunger
a - Sting                 Conj/Pois      ##..         8%          1    #......
c - Cure Poison           Pois           ###.......   3%          2    ###....

Inventory:

Hand Weapons
 j - a cursed +0 hand axe (weapon)
Armour
 a - a +0 robe (worn)
 g - a +0 ice dragon armour
Scrolls
 d - a scroll of teleportation {unknown}
 f - a scroll of random uselessness {unknown}
 h - a scroll of identify {unknown}
Potions
 e - 3 potions of curing {unknown}
 i - a potion of degeneration {unknown}
Books
 b - a Young Poisoner's Handbook
Comestibles
 c - a bread ration

Dungeon Overview and Level Annotations

Branches:
Dungeon (1/15)

Altars:


Message History

You kill the kobold!
You have got your breath back.
Magic restored.
HP restored.
Things that are here:
a short sword; a kobold corpse
Found a stone staircase leading down.
There is a stone staircase leading down here.
You see here a bat corpse.
Found a stone staircase leading down.
There is a stone staircase leading down here.
A kobold comes into view.
Press: ? - help, Shift-Dir - straight line, f - kobold
Aim: a kobold (resting)
The splash of poison hits the kobold.
The kobold appears unharmed.
The kobold shouts!
You feel slightly more hungry.
Cast which spell? (? or * to list)
Aiming: Sting
Press: ? - help, Shift-Dir - straight line, f/p - kobold
Aim: a kobold The sting hits the kobold.
The kobold is poisoned.
You kill the kobold!
Cast which spell? (? or * to list)
You can't see any susceptible monsters within range! (Use Z to cast anyway.)
You have got your breath back.
Unknown command.
You see here a kobold corpse.
Found a glowing hand axe.
You see here a glowing hand axe.
j - a glowing hand axe Wield which item (- for none, * to show all)? (? for menu, Esc to quit)
It sticks to your hand!
j - a cursed +0 hand axe (weapon)
Are you sure you want to abandon this character and quit the game? (Confirm with "yes".)

#.# #.# .# #..... ##....#
... #.# ##.##.#.#..#[.##..
..## ... #.####.......#.#
#....##.... .##
#..(.......#.#.###..#....# #
######..######..#........# #
##..####...#....<...# ##. .
#........#.#........## #..##
#...######..#...###..###..#.
######...#
##@##...#...#.##.#.
.........#
#.##.......##.#...
######.)##
..##.....##....... #..#
#..#..#..# ##...... #..##
#........ #.#..###.
#...######........ #......#
## #........#########
######.# .# #...#####.# #.#
.# #.### #.######### #.#


There were no monsters in sight!

Action                   || total
-------------------------++-------
 Cast: Sting             ||     3
 Abil: Spit Poison       ||    21

Notes
Turn   | Place    | Note
--------------------------------------------------------------
     0 | D:1      | Duffy the Naga Venom Mage began the quest for the Orb.
     0 | D:1      | Reached XP level 1. HP: 15/15 MP: 3/3
   124 | D:1      | Reached XP level 2. HP: 22/22 MP: 5/5
   131 | D:1      | Learned a level 2 spell: Cure Poison
   528 | D:1      | Quit the game

Vault maps used:
D:1:      matt_arrival_debris, kennysheep_small_spiral, dk_noncrumbling_3,
          columned_hall_lemuel

Vanquished Creatures
  2 bats
  2 goblins
  3 hobgoblins
  3 kobolds
  2 giant newts
  4 rats
16 creatures vanquished.
